 Dungeon Crawl Stone Soup version 0.22-a0-480-g991dd4b (webtiles) character file.

125 EazyBreezy the Slasher (level 4, -2/34 HPs)
             Began as a Demonspawn Gladiator on June 16, 2018.
             Slain by Grinder (3 damage)
             ... on level 3 of the Dungeon.
             The game lasted 00:04:58 (2049 turns).

EazyBreezy the Slasher (Demonspawn Gladiator)       Turns: 2049, Time: 00:04:58

Health: -2/34      AC: 11    Str: 15    XL:     4   Next: 82%
Magic:  13/13      EV: 11    Int:  9    God:
Gold:   117        SH:  0    Dex: 15    Spells: 3/3 levels left

rFire    . . .     SeeInvis .   a - +1 long sword
rCold    . . .     Gourm    .   (no shield)
rNeg     . . .     Faith    .   l - +0 scale mail (curse)
rPois    .         Spirit   .   c - +0 helmet
rElec    .         Reflect  .   (no cloak)
rCorr    .         Harm     .   j - +0 pair of gloves
MR       .....                  i - +0 pair of boots
Stlth    +.........             (no amulet)
HPRegen  0.11/turn              n - ring of magical power
MPRegen  0.13/turn              b - ring of stealth

@: no status effects
A: hooves 1, iridescent scales 1, rot immunity
a: no special abilities


You were on level 3 of the Dungeon.
You were hungry.

You visited 1 branch of the dungeon, and saw 3 of its levels.

You collected 117 gold pieces.

Inventory:

Hand Weapons
 a - a +1 long sword (weapon)
Missiles
 d - 3 throwing nets (quivered)
Armour
 c - a +0 helmet (worn)
 i - a +0 pair of boots (worn)
 j - a +0 pair of gloves (worn)
 l - a cursed +0 scale mail (worn)
Jewellery
 b - a ring of stealth (right hand)
 n - a ring of magical power (left hand)
Scrolls
 g - 2 scrolls of remove curse
Potions
 e - 2 potions of curing {unknown}
 k - a potion of berserk rage {unknown}
 m - a potion of mutation {unknown}
 o - 2 potions of invisibility
 p - a potion of magic {unknown}
 q - a potion of haste {unknown}
Comestibles
 f - 4 rations


   Skills:
 * Level 2.6 Fighting
 * Level 4.0 Long Blades
 - Level 1.7 Throwing
 * Level 1.2 Armour
 * Level 3.1 Dodging
 * Level 1.2 Stealth


You had 3 spell levels left.
You didn't know any spells.
Your spell library was empty.

Dungeon Overview and Level Annotations

Branches:
Dungeon (3/15)

Altars:
Elyvilon

Annotations:
D:3 Grinder


Innate Abilities, Weirdness & Mutations

You have large cloven feet.
You are partially covered in iridescent scales. (AC +2)
You are immune to rotting.


Message History

The bat hits you but does no damage. The bat barely misses you.
You miss the bat. The bat hits you but does no damage. x2
The bat barely misses you.
You slash the bat!
You kill the bat!
Grinder hits you.
You writhe in agony.
You hit Grinder.
Grinder is lightly wounded.
Grinder hits you.
You hit Grinder.
Grinder is lightly wounded.
Grinder gestures at you. Pain shoots through your body!
* * * LOW HITPOINT WARNING * * *
You closely miss Grinder.
Grinder is lightly wounded.
Grinder hits you.
* * * LOW HITPOINT WARNING * * *
You writhe in agony.
You die...

#.# #.###### #.....<#
#.####################
#............)........
#########...#.........
.....##.+.........
..... #5#....5....
...... #@#.........
...... #.#.........
...... #.+.........
...... ###.........


You could see Grinder.

Vanquished Creatures
  An orc priest (D:2)
  Terence (D:2)
  An adder (D:3)
  A worm (D:2)
  3 dart slugs (D:2)
  A leopard gecko (D:2)
  3 orcs
  A giant cockroach (D:2)
  5 goblins
  7 hobgoblins
  4 jackals (D:2)
  A ball python (D:1)
  5 bats
  6 frilled lizards
  5 kobolds
  5 rats
50 creatures vanquished.

Notes
Turn   | Place    | Note
-------+----------+-------------------------------------------
     0 | D:1      | EazyBreezy the Demonspawn Gladiator began the quest for the Orb.
     0 | D:1      | Reached XP level 1. HP: 16/16 MP: 1/1
   539 | D:1      | Gained mutation: You are immune to rotting. [demonic ancestry]
   539 | D:1      | Reached XP level 2. HP: 22/22 MP: 2/2
  1202 | D:2      | Reached skill level 3 in Long Blades
  1309 | D:2      | Found a white marble altar of Elyvilon.
  1343 | D:2      | Gained mutation: You have large cloven feet. [demonic ancestry]
  1343 | D:2      | Reached XP level 3. HP: 27/27 MP: 3/3
  1409 | D:2      | Noticed Terence
  1426 | D:2      | Killed Terence
  1479 | D:2      | Reached skill level 1 in Armour
  1619 | D:2      | Gained mutation: You are partially covered in iridescent scales. (AC +2) [demonic ancestry]
  1619 | D:2      | Reached XP level 4. HP: 34/34 MP: 4/4
  1770 | D:2      | Reached skill level 1 in Stealth
  2021 | D:3      | Noticed Grinder
  2025 | D:3      | Reached skill level 4 in Long Blades
  2035 | D:3      | Paralysed by Grinder for 2 turns
  2049 | D:3      | HP: 1/34 [Grinder (6)]
  2049 | D:3      | Slain by Grinder

Vault maps used:
D:1:      minmay_arrival_five_plusses, serial_co_window_serial,
          co_window_paths_a, co_window_paths_b, co_window_paths_a,
          co_window_cross_1, co_window_corner_a, co_window_unsneaky_path_d,
          co_window_corner_b, co_window_unsneaky_path_c, co_window_2corner,
          co_window_2corner, co_window_paths_e, co_window_4corner_b
D:2:      elyvilon_altar_1, grunt_ministairs_4, minmay_pentomino_w2,
          uniq_terence
D:3:      led_sif_pool, uniq_grinder

Skill      XL: |  1  2  3  4 |
---------------+-------------+-----
Long Blades    | 3 4 |  4.0
Dodging        | 3 |  3.1
Armour         | 1 |  1.2
Stealth        | 1 |  1.2
Fighting       | |  2.6
Throwing       | |  1.7

Action                   |  1- 3 |  4- 6 || total
-------------------------+-------+-------++-------
Melee: Long sword        |    96 |    67 ||   163
  Use: Scroll            |     3 |     2 ||     5
  Eat: Ration            |     1 |       ||     1
Armor: Leather armour    |    16 |       ||    16
       Scale mail        |    25 |    45 ||    70
Dodge: Dodged            |    64 |    47 ||   111
       Rpst.: Long sword |    26 |    12 ||    38

Table legend:
 A = Spawn XP
 B = Non-spawn XP
 C = Spawn XP percentage of total XP
 D = Spawn monster count
 E = Non-spawn monster count
 F = Spawn count percentage of total count
 G = Total turns spent on level
                    A         B        C        D         E        F      G
               +---------+---------+-------+---------+---------+-------+---------
         Total |       0 |     179 |   0.0 |       0 |      50 |   0.0 |  2049
               +---------+---------+-------+---------+---------+-------+---------
           D:1 |       0 |      26 |   0.0 |       0 |      17 |   0.0 |  1309
           D:2 |       0 |     134 |   0.0 |       0 |      27 |   0.0 |   695
           D:3 |       0 |      19 |   0.0 |       0 |       6 |   0.0 |    45
               +---------+---------+-------+---------+---------+-------+---------
